 Dungeon Crawl Stone Soup version 0.29.1 (webtiles) character file.

Game seed: 16280942223566188310

66 qw the Chopper (level 4, 0/28 HPs)
             Began as a Gargoyle Fighter on Sept 13, 2022.
             Slain by a gnoll
             ... wielding a +0 halberd
              (2 damage)
             ... on level 2 of the Dungeon.
             The game lasted 00:00:29 (1236 turns).

qw the Chopper (Gargoyle Fighter)                   Turns: 1236, Time: 00:00:29

Health: 0/28       AC: 10    Str: 22    XL:     4   Next: 15%
Magic:  4/4        EV:  9    Int:  8    God:
Gold:   68         SH:  4    Dex:  9    Spells: 3/3 levels left

rFire   . . .      SeeInvis .   Y - +1 war axe
rCold   . . .      Faith    .   c - +0 buckler
rNeg    + . .      Spirit   .   b - +0 scale mail
rPois   inf        Reflect  .   (no helmet)
rElec   +          Harm     .   (no cloak)
rCorr   .          Rampage  .   (no gloves)
Will    .....                   (no boots)
Stlth   ..........              h - amulet of the acrobat
HPRegen 0.09/turn               (no ring)
MPRegen 0.09/turn               (no ring)

@: no status effects
A: sickness immunity, AC +3, negative energy resistance 1, electricity
resistance, torment resistance 1, petrification resistance
a: no special abilities


You were on level 2 of the Dungeon.
You visited 1 branch of the dungeon, and saw 2 of its levels.

You collected 68 gold pieces.


Innate Abilities, Weirdness & Mutations

You are immune to sickness and miasma.
Your stone body is resilient. (AC +3)
You are immune to poison.
You resist negative energy. (rN+)
You are resistant to electric shocks. (rElec)
You are resistant to unholy torment.
You are immune to petrification.


   Skills:
 - Level 3.2 Fighting
 + Level 3.9 Axes
 - Level 3.2 Armour
 - Level 3.2 Shields


You had 3 spell levels left.
You didn't know any spells.
Your spell library was empty.

Inventory:

Hand Weapons
 g - a +0 whip
 Y - a +1 war axe (weapon)
Armour
 b - a +0 scale mail (worn)
 c - a +0 buckler (worn)
Jewellery
 h - an amulet of the acrobat (around neck)
Scrolls
 e - a scroll of teleportation
 i - a scroll of identify
Potions
 a - a potion of heal wounds {unknown}
 d - a potion of might
 k - a potion of lignification

Dungeon Overview and Level Annotations

Branches:
Dungeon (2/15)

Altars:


Message History

You kill the quokka!
Found a stone staircase leading down.
Found a stone staircase leading up.
Found a stone staircase leading up.
Enter note: A gnoll is nearby!
1222 ||| Stepping ~*~*~tactically~*~*~ (stealth).
You barely miss the gnoll. The gnoll barely misses you.
A gnoll comes into view. It is wielding a +0 halberd.
The gnoll barely misses you.
You hit the gnoll.
The gnoll is lightly wounded.
The gnoll hits you with a +0 whip.
You hit the gnoll but do no damage.
The gnoll is lightly wounded.
The gnoll unwields a +0 halberd.
The gnoll wields a +0 sling.
The gnoll shoots a sling bullet.
The sling bullet hits you but does no damage.
The gnoll hits you with a +0 whip.
The gnoll shoots a sling bullet.
The sling bullet hits you.
You hit the gnoll.
The gnoll is moderately wounded.
You block the gnoll's attack.
The gnoll shoots a sling bullet.
The sling bullet closely misses you.
You slash the gnoll!
You kill the gnoll!
The gnoll shoots a sling bullet.
The sling bullet hits you.
You have reached level 4!
You feel stronger.
The gnoll shoots a sling bullet.
The sling bullet closely misses you.
The gnoll shoots a sling bullet.
The sling bullet completely misses you.
The gnoll unwields a +0 sling.
The gnoll wields a +0 halberd.
You block the gnoll's attack.
You slash the gnoll!
The gnoll is almost dead.
The gnoll drinks a potion.
The gnoll is healed!
You slash the gnoll!
The gnoll is almost dead.
The gnoll hits you with a +0 halberd! The gnoll hits you with a +0 halberd.
You die...

#...## ##...#.# #....
#####.# #####...##### #
#.#
##......<....#.######.##
......................#)
#......)....#.##.##...)
#####..................
#...#####.##.##....
#.@.# #.##.##.##.
###.g.### #........>.
#.......###.##.##.#..
#.##.##.##...#.##.#.#
... #.................
### ####.##.......##.#
...####.##.)####.# .#
#.......##..####.# .
##........%...##.# #


You could see a gnoll.

Vanquished Creatures
  3 gnolls (D:2)
  A dart slug (D:1)
  2 endoplasms
  2 giant cockroaches (D:1)
  3 goblins
  A hobgoblin (D:1)
  4 jackals (D:1)
  2 quokkas
  2 ball pythons (D:1)
  6 bats
  A frilled lizard (D:1)
  5 kobolds (D:1)
  2 rats (D:1)
34 creatures vanquished.

Notes
Turn   | Place    | Note
-------+----------+-------------------------------------------
     0 | D:1      | qw the Gargoyle Fighter began the quest for the Orb.
     0 | D:1      | Reached XP level 1. HP: 14/14 MP: 1/1
     0 | D:1      | 0 ||| qw: Version: 0.1-a-119-g272c26d
     0 | D:1      | 0 ||| qw: Game counter: 11092
     0 | D:1      | 0 ||| qw: Always use a shield: true
     0 | D:1      | 0 ||| qw: God list: Okawaru
     0 | D:1      | 0 ||| qw: Allow faded altars: false
     0 | D:1      | 0 ||| qw: Do Orc after D:15 true
     0 | D:1      | 0 ||| qw: Do second Lair branch before Depths: true
     0 | D:1      | 0 ||| qw: Lair rune preference: random
     0 | D:1      | 0 ||| qw: Plans: Normal, Zot, God:TSO, Crypt, Tomb, Pan,
                  | Slime, Hells, Zig, Abyss, Orb
     0 | D:1      | 0 ||| PLANNING D:1-11
    82 | D:1      | Found a faded altar of an unknown god.
   219 | D:1      | Reached XP level 2. HP: 19/19 MP: 2/2
   667 | D:1      | Reached skill level 3 in Axes
   804 | D:1      | 804 ||| Stepping ~*~*~tactically~*~*~ (stealth).
   806 | D:1      | 806 ||| Stepping ~*~*~tactically~*~*~ (stealth).
   809 | D:1      | Reached XP level 3. HP: 23/23 MP: 3/3
   940 | D:1      | 940 ||| UPGRADING to amulet of the acrobat.
   945 | D:1      | 945 ||| READING scroll labelled ASUAWE XEIRE.
   946 | D:1      | 946 ||| READING 5 scrolls labelled BUBATIYC BEG.
   947 | D:1      | 947 ||| READING scroll labelled VITSUAGGIWK.
   950 | D:1      | 950 ||| READING scroll labelled ZOLEUKK ZADOXT.
   951 | D:1      | 951 ||| READING scroll labelled GAUKY EBLYDI.
   952 | D:1      | 952 ||| READING 4 scrolls of identify.
   952 | D:1      | 952 ||| IDENTIFYING red potion
   953 | D:1      | 953 ||| READING 3 scrolls of identify.
   953 | D:1      | 953 ||| IDENTIFYING viscous blue potion
   954 | D:1      | 954 ||| READING 2 scrolls of identify.
   954 | D:1      | 954 ||| IDENTIFYING ruby potion
   955 | D:1      | 955 ||| DROPPING potion of flight.
   956 | D:1      | 956 ||| DROPPING potion of degeneration.
  1004 | D:2      | 1004 ||| Stepping ~*~*~tactically~*~*~ (stealth).
  1071 | D:2      | 1071 ||| Stepping ~*~*~tactically~*~*~ (stealth).
  1222 | D:2      | 1222 ||| Stepping ~*~*~tactically~*~*~ (stealth).
  1232 | D:2      | Reached XP level 4. HP: 11/28 MP: 4/4
  1236 | D:2      | HP: 2/28 [gnoll/+0 halberd (9)]
  1236 | D:2      | Slain by a gnoll

Levels and vault maps discovered:
D:1:      psy_arrival_terrarium, layout_loops_cross,
          nicolae_ecumenical_lake_church
D:2:      layout_loops_cross, kennysheep_generic_room_13

Skill      XL: |  1  2 |
---------------+-------+-----
Axes           | 2 3 |  3.9
Fighting       | |  3.2
Armour         | |  3.2
Shields        | |  3.2

Action                   |  1- 3 |  4- 6 || total
-------------------------+-------+-------++-------
Melee: War axe           |    80 |     2 ||    82
  Use: Scroll            |     8 |       ||     8
Armor: Scale mail        |    36 |       ||    36
Dodge: Dodged            |    37 |     2 ||    39
Block: Buckler           |    10 |     1 ||    11

Table legend:
 A = Non-vault XP
 B = Vault XP
 C = Vault XP percentage of total XP
 D = Non-vault monster count
 E = Vault monster count
 F = Vault count percentage of total count
                 A         B        C        D         E       F
            +---------+---------+-------+---------+---------+-------
      Total |      94 |       1 |   1.1 |      33 |       1 |   2.9
            +---------+---------+-------+---------+---------+-------
        D:1 |      43 |       0 |   0.0 |      26 |       0 |   0.0
        D:2 |      51 |       1 |   1.9 |       7 |       1 |  12.5
            +---------+---------+-------+---------+---------+-------
